 Dungeon Crawl Stone Soup version 0.22-a0-433-gd2a9cce0b5 (webtiles) character file.

308 Ordine the Insei (level 6, 0/32 HPs)
             Began as a Vine Stalker Monk on May 28, 2018.
             Slain by a white imp (1 damage)
             ... summoned by Natasha
             ... on level 4 of the Dungeon.
             The game lasted 00:09:43 (3159 turns).

Ordine the Insei (Vine Stalker Monk)                Turns: 3159, Time: 00:09:43

Health: 0/32       AC:  6    Str: 13    XL:     6   Next: 40%
Magic:  0/7        EV: 15    Int: 12    God:
Gold:   142        SH:  0    Dex: 17    Spells: 5/5 levels left

rFire    + . .     SeeInvis +   n - -3 blowgun (curse)
rCold    . . .     Gourm    .   (no shield)
rNeg     . . .     Faith    .   a - +0 robe
rPois    .         Spirit   +   k - +0 helmet {SInv}
rElec    .         Reflect  .   (no cloak)
rCorr    .         Harm     .   d - +2 pair of gloves
MR       .....                  (no boots)
Stlth    ++........             (no amulet)
HPRegen  0.50/turn              f - ring of protection from fire
MPRegen  0.10/turn              i - +2 ring of evasion

@: no status effects
A: fangs 2, regeneration 1, magic shield, antimagic bite, no potion heal 3, rot
immunity
a: no special abilities


You were on level 4 of the Dungeon.
You were not hungry.

You visited 1 branch of the dungeon, and saw 4 of its levels.

You collected 142 gold pieces.

Inventory:

Hand Weapons
 n - a cursed -3 blowgun (weapon)
Armour
 a - a +0 robe (worn)
 d - a +2 pair of gloves (worn)
 k - a +0 helmet of see invisible (worn)
 l - a +1 ring mail of fire resistance
Jewellery
 f - a ring of protection from fire (left hand)
 i - a +2 ring of evasion (right hand)
Scrolls
 g - 2 scrolls of fog
 m - a scroll of enchant armour
 p - a scroll of amnesia
Potions
 e - 2 potions of curing
 h - a potion of brilliance
 j - a potion of haste
Comestibles
 b - 10 rations


   Skills:
 - Level 2.6 Fighting
 - Level 2.4 Dodging
 - Level 2.4 Stealth
 + Level 7.0 Unarmed Combat


You had 5 spell levels left.
You didn't know any spells.
Your spell library contained the following spells:

 Spells                   Type           Power        Failure   Level  Hunger
 Apportation              Tloc           #.....       32%         1    ##.....
 Summon Small Mammal      Summ           #...         32%         1    ##.....
 Animate Skeleton         Necr           N/A          32%         1    ##.....
 Confusing Touch          Hex            #.....       32%         1    ##.....


Dungeon Overview and Level Annotations

Branches:
Dungeon (4/15)
 Temple: D:4-7

Altars:
Ashenzari
Elyvilon
Vehumet

Annotations:
D:4 Natasha


Innate Abilities, Weirdness & Mutations

You have extremely sharp teeth.
Your natural rate of healing is unusually fast.
When hurt, damage is shared between your health and your magic reserves.
Your bite disrupts and absorbs the magic of your enemies.
Potions cannot restore your health.
You are immune to rotting.


Message History

The white imp gestures at you. The puff of frost hits you! Natasha claws you.
You clumsily bash Natasha but do no damage.
Natasha is lightly wounded.
The white imp barely misses you. The white imp hits you.
The white imp freezes you.
Natasha howls an incantation.
Natasha glows brightly for a moment.
Natasha claws you!
* * * LOW HITPOINT WARNING * * *
Unknown command.
You clumsily bash Natasha but do no damage.
You punch Natasha.
Natasha is moderately wounded.
The white imp misses you. The white imp hits you. The white imp freezes you.
* * * LOW HITPOINT WARNING * * *
Natasha howls an incantation.
You feel disoriented. Natasha misses you. The white imp misses you.
The white imp hits you.
You die...

#.# #.# #.# ##### #.#
#+## ....# ##.# #...##
....# #..### #.....#
....# #.##.### ##.......
....###......###........
...............'@5......
....###.#....###5h......
....# #.#..#.# ##.......
.##.# #...##.# #.....#
.##.# #.#.##.# #...##
.##.# #.#.##.# #+## .
#.# #.#.##.# #.. .. ..#


You could see Natasha and 2 white imps.

Vanquished Creatures
  An ogre (D:3)
  A hound (D:3)
  Jessica (D:3)
  Terence (D:2)
  6 adders
  An ooze (D:2)
  A dart slug (D:1)
  A worm (D:2)
  6 leopard geckos
  2 orcs
  4 bats
  A giant cockroach (D:2)
  8 goblins
  8 hobgoblins
  7 jackals
  8 kobolds
  A quokka (D:3)
  A ball python (D:2)
  7 frilled lizards
  11 rats
77 creatures vanquished.

Notes
Turn   | Place    | Note
-------+----------+-------------------------------------------
     0 | D:1      | Ordine the Vine Stalker Monk began the quest for the Orb.
     0 | D:1      | Reached XP level 1. HP: 11/11 MP: 2/2
   332 | D:1      | Reached XP level 2. HP: 10/16 MP: 1/3
   366 | D:1      | Found a shattered altar of Ashenzari.
   995 | D:1      | Reached skill level 4 in Unarmed Combat
  1332 | D:2      | Reached XP level 3. HP: 19/19 MP: 4/4
  1452 | D:2      | Noticed Terence
  1490 | D:2      | Killed Terence
  1490 | D:2      | Gained mutation: Your natural rate of healing is unusually fast. [Vine Stalker growth]
  1490 | D:2      | Reached XP level 4. HP: 5/23 MP: 3/5
  1493 | D:2      | Reached skill level 5 in Unarmed Combat
  2197 | D:3      | Reached XP level 5. HP: 23/27 MP: 4/6
  2211 | D:3      | Found a white marble altar of Elyvilon.
  2306 | D:3      | Found a radiant altar of Vehumet.
  2681 | D:3      | Noticed Jessica
  2715 | D:3      | Reached skill level 6 in Unarmed Combat
  2780 | D:3      | Killed Jessica
  2989 | D:4      | Noticed an ogre
  3007 | D:4      | Reached XP level 6. HP: 31/32 MP: 5/7
  3080 | D:3      | Reached skill level 7 in Unarmed Combat
  3151 | D:4      | Noticed Natasha
  3159 | D:4      | HP: 1/32 [white imp[Natasha] (5)]
  3159 | D:4      | Slain by a white imp

Vault maps used:
D:1:      dpeg_arrival_simpleton_b, hangedman_decor_growths,
          nicolae_ashenzari_panopticon
D:2:      first_ration, uniq_terence
D:3:      marbit_many_paths, lemuel_round_altar, uniq_jessica
D:4:      lemuel_coloured_pillars_altar, kennysheep_orc_chapel, uniq_edmund,
          uniq_natasha

Skill      XL: |  1  2  3  4  5  6 |
---------------+-------------------+-----
Unarmed Combat | 4 5 6 7 |  7.0
Fighting       | |  2.6
Dodging        | |  2.4
Stealth        | |  2.4

Action                   |  1- 3 |  4- 6 || total
-------------------------+-------+-------++-------
Melee: Unarmed           |    89 |    46 ||   135
       Bite              |    16 |   124 ||   140
       Punch             |     3 |    12 ||    15
       Blowgun           |       |   285 ||   285
  Use: Scroll            |     2 |     9 ||    11
       Potion            |       |     1 ||     1
 Stab: Sleeping          |     2 |    12 ||    14
       Distracted        |       |     1 ||     1
  Eat: Chunk             |     1 |     7 ||     8
Armor: Robe              |    10 |   117 ||   127
Dodge: Dodged            |    61 |   397 ||   458

Table legend:
 A = Spawn XP
 B = Non-spawn XP
 C = Spawn XP percentage of total XP
 D = Spawn monster count
 E = Non-spawn monster count
 F = Spawn count percentage of total count
 G = Total turns spent on level
                    A         B        C        D         E        F      G
               +---------+---------+-------+---------+---------+-------+---------
         Total |       0 |     441 |   0.0 |       0 |      77 |   0.0 |  3159
               +---------+---------+-------+---------+---------+-------+---------
           D:1 |       0 |      29 |   0.0 |       0 |      14 |   0.0 |  1326
           D:2 |       0 |     113 |   0.0 |       0 |      30 |   0.0 |   699
           D:3 |       0 |     269 |   0.0 |       0 |      29 |   0.0 |   973
           D:4 |       0 |      30 |   0.0 |       0 |       4 |   0.0 |   161
               +---------+---------+-------+---------+---------+-------+---------
